 Dungeon Crawl Stone Soup version 0.28-a0-768-g8c92f1e708 (webtiles) character file.

Game seed: 4911810208827219075

116 DungeonMaster the Skirmisher (level 4, -1/32 (37) HPs)
             Began as a Demonspawn Wanderer on Oct 31, 2021.
             Slain by a wight (14 damage)
             ... on level 4 of the Dungeon.
             The game lasted 00:05:54 (3895 turns).

DungeonMaster the Skirmisher (Demonspawn Wanderer)  Turns: 3895, Time: 00:05:55

HP:   -1/32 (37)    AC:  7    Str: 16    XL:     4   Next: 69%
MP:   4/4           EV: 11    Int: 11    God:
Gold: 255           SH:  0    Dex: 12    Spells: 3/3 levels left

rFire   + . .      SeeInvis .   a - +2 short sword
rCold   . . .      Faith    .   (no shield)
rNeg    . . .      Spirit   .   c - +0 ring mail
rPois   .          Reflect  .   e - +1 helmet
rElec   .          Harm     .   (no cloak)
rCorr   .          Rampage  .   (no gloves)
Will    .....                   (no boots)
Stlth   +.........              n - amulet of magic regeneration
HPRegen 0.10/turn               q - ring of protection from fire
MPRegen 0.34/turn               (no ring)

@: very slightly contaminated, heavily drained, invisible
A: hooves 1
a: no special abilities


You were on level 4 of the Dungeon.
You visited 1 branch of the dungeon, and saw 4 of its levels.

You collected 255 gold pieces.

Inventory:

Hand Weapons
 a - a +2 short sword (weapon)
 w - a +0 hunting sling
Missiles
 g - 12 stones (quivered)
 j - 4 sling bullets
 p - 22 arrows
Armour
 c - a +0 ring mail (worn)
 e - a +1 helmet (worn)
Magical Staves
 h - a staff of earth
Jewellery
 m - an amulet of faith
 n - an amulet of magic regeneration (around neck)
 q - a ring of protection from fire (left hand)
Wands
 d - a wand of digging (2)
Scrolls
 b - 5 scrolls of teleportation
 k - a scroll of fear
 l - a scroll of amnesia
Potions
 f - a potion of flight


   Skills:
 * Level 3.9 Fighting
 - Level 1.7 Short Blades
 * Level 3.6 Armour
 * Level 2.1 Dodging
 - Level 1.0 Shields
 - Level 1.0 Evocations


You had 3 spell levels left.
You didn't know any spells.
Your spell library contained the following spells:

 Spells                   Type           Power      Damage    Failure   Level
 Beastly Appendage        Tmut           0%         N/A       54%         1
 Ensorcelled Hibernation  Hex/Ice        0%         N/A       67%         2
 Wereblood                Tmut           0%         N/A       67%         2
 Gell's Gravitas          Tloc           0%         N/A       88%         3
 Lesser Beckoning         Tloc           0%         N/A       88%         3
 Spider Form              Tmut/Pois      0%         N/A       88%         3
 Teleport Other           Tloc           0%         N/A       88%         3


Dungeon Overview and Level Annotations

Branches:
Dungeon (4/15)
 Temple: D:4-7

Altars:

Shops:
D:2 [

Annotations:
D:2 Sigmund


Innate Abilities, Weirdness & Mutations

You have large cloven feet.


Message History

The wight closely misses you.
You barely miss the wight.
A wight comes into view.
It is wielding a +0 long sword and wearing a +2 robe of willpower.
The wight hits you with a +5 battleaxe.
You feel drained.
You hit the wight but do no damage. The wight barely misses you.
You hit the wight but do no damage. The wight hits you with a +5 battleaxe!
You feel drained.
You puncture the wight! Your kick misses the wight.
The wight is heavily damaged.
The wight barely misses you.
You hit the wight but do no damage.
The wight is heavily damaged.
The wight barely misses you.
You feel much better. The wight hits you with a +5 battleaxe.
You feel drained.
It was a potion of invisibility.
You fade into invisibility!
You are very lightly contaminated with residual magic.
The wight barely misses you.
You hit the wight.
The wight is severely damaged.
The wight barely misses you.
You closely miss the wight.
The wight is severely damaged.
The wight closely misses you. x2
You catch the helpless wight completely off-guard!
You hit the wight but do no damage. You kick the wight, but do no damage.
The wight is severely damaged.
The wight hits you with a +0 dire flail!
The wight barely misses you.
You hit the wight but do no damage. You kick the wight.
The wight is severely damaged.
The wight closely misses you. The wight misses you.
You closely miss the wight.
The wight is severely damaged.
The wight hits you with a +0 dire flail!
You feel drained. The wight barely misses you.
You hit the wight but do no damage. You kick the wight, but do no damage.
The wight is severely damaged.
The wight barely misses you. The wight hits you with a +5 battleaxe!
You die...

#.##......##.#.#.#
#.# ......... #.#
#.# #...##.# #.#
#.# #..##.###.#
#<# #.........#
#.# #..#..#####
####.#
##.###.######
#<<.z#####..#
#.......
#....@zz....#
#..#####
#....###.####
#...# #....##.##
##..# #....#.#
#..# ####### #.>#
.... ..... #.z.###
#...#


You could see 3 wights.

Vanquished Creatures
  Ijyb (D:4)
  An adder (D:3)
  A worm (D:3)
  4 dart slugs
  7 ball pythons
  2 bats
  9 endoplasms
  2 giant cockroaches
  4 goblins
  6 hobgoblins
  4 jackals (D:1)
  4 quokkas
  3 frilled lizards
  9 kobolds
  7 rats
64 creatures vanquished.

Notes
Turn   | Place    | Note
-------+----------+-------------------------------------------
     0 | D:1      | DungeonMaster the Demonspawn Wanderer began the quest for
                  | the Orb.
     0 | D:1      | DungeonMaster set off with the following items: a +2 short
                  | sword, a scroll of teleportation, a +0 ring mail
     0 | D:1      | Reached XP level 1. HP: 18/18 MP: 1/1
   272 | D:1      | Gained mutation: You have large cloven feet. [demonic
                  | ancestry]
   272 | D:1      | Reached XP level 2. HP: 9/24 MP: 2/2
   476 | D:1      | Found a faded altar of an unknown god.
   536 | D:1      | Reached skill level 1 in Dodging
  1097 | D:1      | Reached XP level 3. HP: 29/29 MP: 3/3
  1565 | D:2      | Found Hanaak's Antique Armour Shop.
  1579 | D:2      | Noticed Sigmund
  2966 | D:2      | Reached XP level 4. HP: 36/37 MP: 4/4
  3737 | D:4      | Noticed Ijyb
  3774 | D:4      | Killed Ijyb
  3895 | D:4      | Slain by a wight

Illustrated notes

Levels and vault maps discovered:
D:1:      dpeg_arrival_three_bigger_balls, layout_loops_cross,
          ebering_ecumenical_altar_webs, minmay_misc_feat_hallway,
          hangedman_decor_push
D:2:      kennysheep_six_static_rooms, layout_rooms, serial_shops,
          shop_fountains, hangedman_feature_mirror, uniq_sigmund
D:3:      layout_rooms
D:4:      minmay_door_path, layout_loops_ring, mainiacjoe_overflow_chevrons,
          mainiacjoe_overflow_tiny_flanked, serial_shops, shop, minmay_cupped,
          uniq_ijyb, uniq_menkaure

Skill      XL: |  1  2  3  4 |
---------------+-------------+-----
Armour         | 3 |  3.6
Dodging        | 1 2 |  2.1
Fighting       | |  3.9
Short Blades   | |  1.7
Shields        | |  1.0
Evocations     | |  1.0

Action                   |  1- 3 |  4- 6 || total
-------------------------+-------+-------++-------
Melee: Short sword       |   139 |    74 ||   213
       Kick              |    20 |    21 ||    41
 Fire: Hunting sling     |       |     4 ||     4
  Use: Scroll            |     6 |     1 ||     7
       Potion            |       |     2 ||     2
 Stab: Invisible         |       |     1 ||     1
Armor: Ring mail         |    65 |    24 ||    89
Dodge: Dodged            |    69 |    45 ||   114

Table legend: (Time is in decaauts)
 A = Elapsed time spent in this place.
 B = Non-inter-level travel time spent in this place.
 C = Inter-level travel time spent in this place.
 D = Time resting spent in this place.
 E = Time spent auto-exploring this place.
 F = Levels seen in this place.
 G = Mean time per level.
                   A        B        C        D        E       F      G
               +--------+--------+--------+--------+--------+-----+--------+
         Total |   3901 |   3649 |    252 |   1311 |   1561 |   4 |  975.2 |
       Dungeon |   3901 |   3649 |    252 |   1311 |   1561 |   4 |  975.2 |
               +--------+--------+--------+--------+--------+-----+--------+

Top non-repeatable levels by time:
     D:1: 1889 daAuts
     D:3: 962 daAuts
     D:2: 855 daAuts
     D:4: 192 daAuts
